 Dungeon Crawl Stone Soup version 0.22-a0-469-gf26638a71f (webtiles) character file.

23 Banto the Sneak (level 2, -3/17 HPs)
             Began as an Octopode Earth Elementalist on June 11, 2018.
             Slain by a kobold
             ... wielding a +0 short sword
              (6 damage)
             ... on level 1 of the Dungeon.
             The game lasted 00:01:11 (1108 turns).

Banto the Sneak (Octopode Earth Elementalist)       Turns: 1108, Time: 00:01:11

Health: -3/17      AC:  1    Str:  7    XL:     2   Next: 95%
Magic:  4/5        EV: 13    Int: 17    God:
Gold:   52         SH:  0    Dex: 12    Spells: 2/5 levels left

rFire    + . .     SeeInvis .   g - +1 dagger
rCold    . . .     Gourm    .   (no shield)
rNeg     . . .     Faith    .   (helmet restricted)
rPois    .         Spirit   .   (no amulet)
rElec    .         Reflect  .   f - ring of protection from fire
rCorr    .         Harm     .   (no ring)
MR       .....                  (no ring)
Stlth    +++.......             (no ring)
HPRegen  0.05/turn              (no ring)
MPRegen  0.09/turn              (no ring)
                                (no ring)
                                (no ring)

@: no status effects
A: almost no armour, stealthy swim, amphibious, 8 rings, constrict 8, camouflage
1, gelatinous body 1
a: no special abilities


You were on level 1 of the Dungeon.
You were hungry.

You visited 1 branch of the dungeon, and saw 2 of its levels.

You collected 52 gold pieces.

Inventory:

Hand Weapons
 g - a +1 dagger (weapon)
Missiles
 b - 49 stones (quivered)
Armour
 i - a +0 buckler
Jewellery
 f - a ring of protection from fire (left tentacle)
Scrolls
 e - a scroll of enchant armour {unknown}
 j - a scroll of remove curse {unknown}
Potions
 a - a potion of brilliance {unknown}
 d - 3 potions of flight {unknown}
 h - a potion of degeneration {unknown}
Comestibles
 c - 2 rations


   Skills:
 - Level 2.0 Dodging
 + Level 3.8 Stealth
 - Level 2.0 Spellcasting
 - Level 1.0 Transmutations
 + Level 3.5 Earth Magic


You had 2 spell levels left.
You knew the following spells:

 Your Spells              Type           Power        Failure   Level  Hunger
a - Sandblast             Erth           ##....       4%          1    #......
b - Passwall              Tmut/Erth      #.......     12%         2    ###....

Your spell library contained the following spells:

 Spells                   Type           Power        Failure   Level  Hunger
 Stone Arrow              Conj/Erth      #.....       28%         3    ###....
 Lee's Rapid Deconstruct  Erth           ##........   77%         5    ######.
 Petrify                  Tmut/Erth      #.......     58%         4    #####..


Dungeon Overview and Level Annotations

Branches:
Dungeon (2/15)

Altars:


Innate Abilities, Weirdness & Mutations

You cannot wear most types of armour.
You are very stealthy in the water. (Stealth+)
You are amphibious.
You can wear up to eight rings at the same time.
You can use your tentacles to constrict eight enemies at once.
Your skin changes colour to match your surroundings (Stealth+).
Your rubbery body absorbs attacks. (AC +1, EV +1)


Message History

The kobold hits you with a short sword.
You take 4 damage, and have 8/17 hp.
MASSIVE DAMAGE!!
You are too injured to fight recklessly!
You release your grip on the kobold.
The bat hits you.
There is a stone staircase leading up here.
You take 1 damage, and have 7/17 hp.
The bat hits you. The kobold hits you with a short sword.
* * * LOW HITPOINT WARNING * * *
You climb upwards.
There is a stone staircase leading down here.
You take 4 damage, and have 3/17 hp.
MASSIVE DAMAGE!!
Cast which spell? (? or * to list)
Aiming: Sandblast (safe; 4% risk of failure)
Press: ? - help, Shift-Dir - straight line, f - kobold
Aim: a kobold, wielding a short sword (moderately wounded)
The blast of sand hits the kobold.
The kobold is severely wounded.
b - 49 stones The kobold hits you with a short sword.
You die...

#.#......รทรท....## #.# #...#
#######.#.#####...#.## #.###....
..>.....#.# #.###.#####...##...
#######.#.#####.###..........####
#.......................####
#...........########.#.##...
#.#.######..# #.....#....
#.........K.######.#.#.#...#
#.#.######.@...........#..##
#.#.# ##.#######.#.#.#..## #.#.#
##...## #.....#...#
#########.....## ##.####....
#8#8#8#8#......# #.# ##'...
###.#.#.#.#......# #.# #.####
#..............#.# ##.###.####
#.#.#.#.#.#.##.#.## #..........
#.#8#8#8#8#.##....###..###.####


You could see a kobold.

Vanquished Creatures
  2 bats (D:1)
  A giant cockroach (D:1)
  3 goblins (D:1)
  5 hobgoblins (D:1)
  3 kobolds (D:1)
  A frilled lizard (D:1)
  7 rats (D:1)
22 creatures vanquished.

Notes
Turn   | Place    | Note
-------+----------+-------------------------------------------
     0 | D:1      | Banto the Octopode Earth Elementalist began the quest for the Orb.
     0 | D:1      | Reached XP level 1. HP: 11/11 MP: 3/3
   387 | D:1      | Reached XP level 2. HP: 13/17 MP: 5/5
  1055 | D:1      | Learned a level 2 spell: Passwall
  1108 | D:1      | Slain by a kobold

Vault maps used:
D:1:      minmay_arrival_four_loops, minmay_misc_feat_hallway,
          minmay_heptomino_h4
D:2:      gammafunk_temple_overflow_wave, grunt_temple_overflow_opulence,
          lemuel_blue_sif_altar

Skill      XL: |  1 |
---------------+----+-----
Stealth        | 3 |  3.8
Dodging        | |  2.0
Spellcasting   | |  2.0
Transmutations | |  1.0
Earth Magic    | |  3.5

Action                   || total
-------------------------++-------
Melee: Unarmed           ||    42
       Constrict         ||    19
       Tentacles         ||    15
       Dagger            ||    18
 Cast: Sandblast         ||     1
  Use: Scroll            ||     4
 Stab: Sleeping          ||     5
       Distracted        ||     1
Armor: Skin              ||     1
Dodge: Dodged            ||    35

Table legend:
 A = Spawn XP
 B = Non-spawn XP
 C = Spawn XP percentage of total XP
 D = Spawn monster count
 E = Non-spawn monster count
 F = Spawn count percentage of total count
 G = Total turns spent on level
                    A         B        C        D         E        F      G
               +---------+---------+-------+---------+---------+-------+---------
         Total |       0 |      33 |   0.0 |       0 |      22 |   0.0 |  1108
               +---------+---------+-------+---------+---------+-------+---------
           D:1 |       0 |      33 |   0.0 |       0 |      22 |   0.0 |  1102
               +---------+---------+-------+---------+---------+-------+---------

Table legend:
 A = Turns spent in this place as a percentage of turns spent in the entire game.
 B = Non-inter-level travel turns spent in this place as a percentage of non-inter-level travel turns spent in the entire game.
 C = Inter-level travel turns spent in this place as a percentage of turns spent in this place.
 D = Turns resting spent in this place as a percentage of non-inter-level travel turns spent in this place.
 E = Turns spent auto-exploring this place as a percentage of non-inter-level travel turns spent in this place.
 F = Non-inter-level travel turns spent in this place divided by the number of levels of this place that you've seen.
                   A       B       C       D       E      F
               +-------+-------+-------+-------+-------+----------------------
         Total | 100.0 | 100.0 |   5.7 |  31.7 |  50.0 | 522.5
       Dungeon | 100.0 | 100.0 |   5.7 |  31.7 |  50.0 | 522.5
               +-------+-------+-------+-------+-------+----------------------

Table legend:
 A = Kills in this place as a percentage of kills in entire the game.
 B = Kills by you in this place as a percentage of kills by you in the entire game.
 C = Kills by friends in this place as a percentage of kills by friends in the entire game.
 D = Other kills in this place as a percentage of other kills in the entire game.
 E = Experience gained in this place as a percentage of experience gained in the entire game.
 F = Experience gained in this place divided by the number of levels of this place that you have seen.
                   A       B       C       D       E      F
               +-------+-------+-------+-------+-------+----------------------
         Total | 100.0 | 100.0 |   N/A |   N/A | 100.0 |  16.5
       Dungeon | 100.0 | 100.0 |   N/A |   N/A | 100.0 |  16.5
               +-------+-------+-------+-------+-------+----------------------
